 Dungeon Crawl Stone Soup version 0.20-a0-548-g4f8a798 (webtiles) character file.

3943 Kettleworth the Cleaver (level 10, -6/94 HPs)
             Began as a Hill Orc Fighter on Feb 2, 2017.
             Was a Follower of Beogh.
             Killed from afar by a wretched star (36 damage)
             ... with an orb of energy
             ... on level 2 of the Abyss.
             The game lasted 00:20:42 (5141 turns).

Kettleworth the Cleaver (Hill Orc Fighter)          Turns: 5141, Time: 00:20:43

Health: -6/94      AC: 17    Str: 23    XL:     10   Next: 21%
Magic:  10/10      EV:  6    Int:  6    God:    Beogh [*.....]
Gold:   116        SH: 14    Dex: 10    Spells: 9/9 levels left

rFire    . . .     SeeInvis .   a - +1 war axe
rCold    . . .     Gourm    .   b - +2 scale mail
rNeg     . . .     Faith    .   k - +0 large shield
rPois    .         Spirit   .   (no helmet)
rElec    +         Reflect  .   y - +0 cloak "Gaim" {rElec Int+2}
rCorr    .         Harm     .   (no gloves)
MR       +....                  p - +0 pair of boots
Stlth    ..........             (no amulet)
Regen    0.3/turn               h - ring of flight
                                e - ring of protection from magic

@: no status effects
A: icy blue scales 1, slimy green scales 1, blurry vision 2, dopey 2, screaming
2, sturdy frame 1
a: Renounce Religion, Evoke Flight


You were on level 2 of the Abyss.
You worshipped Beogh.
Beogh was aware of your devotion.
You were not hungry.

You visited 2 branches of the dungeon, and saw 10 of its levels.
You visited the Abyss 1 time.

You collected 298 gold pieces.
You spent 182 gold pieces at shops.

Inventory:

Hand Weapons
 a - a +1 war axe (weapon)
Armour
 b - a +2 scale mail (worn)
 c - a +0 shield
 k - a +0 large shield (worn)
 p - a +0 pair of boots (worn)
 y - the +0 cloak "Gaim" (worn) {rElec Int+2}
   (You found it on level 5 of the Dungeon)

   It affects your intelligence (+2).
   It insulates you from electricity.
Jewellery
 e - a ring of protection from magic (left hand)
 h - a ring of flight (right hand)
 r - an uncursed ring of wizardry
Wands
 d - a wand of random effects (14/48)
Scrolls
 j - 2 scrolls of fear
 o - 4 scrolls of recharging
 q - 2 scrolls of teleportation
 t - a scroll of fog
 w - 2 scrolls of blinking
 A - a scroll of remove curse
Potions
 l - 2 potions of might
 m - a potion of ambrosia
 s - 2 potions of haste
 v - a potion of lignification
 x - a potion of degeneration
Comestibles
 f - 2 bread rations
 g - 8 fruits
 i - a chunk of flesh


   Skills:
 * Level 10.5 Fighting
 * Level 11.0 Axes
 * Level 9.7 Armour
 - Level 3.4 Shields


You had 9 spell levels left.
You didn't know any spells.

Dungeon Overview and Level Annotations

Branches:
Dungeon (8/15)               Lair (2/6) D:8
 Temple: D:4-7        Swamp: Lair:2-4    Shoals: Lair:2-4     Snake: Lair:2-4
 Spider: Lair:2-4

Altars:
Dithmenos
Ru
Xom
Yredelemnul
The Shining One

Shops:
D:5 }   D:7 !

Annotations:
Lair:2 Sonja


Innate Abilities, Weirdness & Mutations

You are partially covered in icy blue scales. (AC +2)
You are partially covered in slimy green scales. (AC +2)
Your movements are slightly less encumbered by armour. (ER -2)
[Scrolls take you longer to read.]
[You are very dopey. (Int -4)]
[You sometimes yell uncontrollably at your foes.]


Message History

The wretched star is lightly damaged.
The wretched star glows turbulently.
You block the orb of energy.
The orb of energy explodes!
You closely miss the wretched star.
The wretched star is lightly damaged.
You slash the wretched star!
The wretched star is moderately damaged.
The wretched star glows turbulently.
The orb of energy hits you!
The orb of energy explodes!
You slash the wretched star!
The wretched star is heavily damaged.
The wretched star glows turbulently.
The orb of energy hits you!
The orb of energy explodes!
You slice the wretched star!!
The wretched star is severely damaged.
You closely miss the wretched star.
The wretched star is severely damaged.
The wretched star glows turbulently.
The orb of energy hits you!
You die...

. #. . ## .
.#### #.# #.#
....#... ...
.. ...# #..
.#.#.#
..#...#*...#
#.....@##.###
##...##...#.#
#.# #..###..#
# # #.# .#
..# ## . ## #
.# . #. . ..
.# .# #


You could see a wretched star.

Vanquished Creatures
  Pikel (D:7)
  2 komodo dragons
  4 yaks (Lair:1)
  5 water moccasins
  3 ice beasts
  2 slaves (D:7)
  A sky beast (D:6)
  A necrophage (D:7)
  3 wolves (Lair:1)
  An ogre (D:6)
  2 crocodiles
  Blork the orc (D:4)
  2 bullfrogs (Lair:1)
  A wyvern skeleton (D:7)
  A scorpion (D:6)
  3 killer bees (D:7)
  A bullfrog zombie (D:5)
  A jelly (D:5)
  A hound (D:6)
  An orc priest (D:8)
  Jessica (D:3)
  5 worker ants
  4 orc wizards
  A hound skeleton (D:8)
  8 adders
  3 shadow imps
  An adder zombie (D:6)
  An adder skeleton (D:7)
  2 worms (D:2)
  A leopard gecko (D:7)
  14 orcs
  A ball python (D:3)
  2 giant cockroaches (D:3)
  4 hobgoblins
  5 jackals (D:3)
  3 quokkas
  4 bats
  4 frilled lizards
  8 goblins
  6 kobolds
  A leopard gecko skeleton (D:4)
  A leopard gecko zombie (D:5)
  5 rats
  5 plants (D:8)
127 creatures vanquished.

Vanquished Creatures (others)
  A shadow imp (D:5)
  An orc (D:6)
  2 fungi (Lair:2)
  4 plants (D:8)
8 creatures vanquished.

Grand Total: 135 creatures vanquished

Notes
Turn   | Place    | Note
-------+----------+-------------------------------------------
     0 | D:1      | Kettleworth the Hill Orc Fighter began the quest for the Orb.
     0 | D:1      | Reached XP level 1. HP: 19/19 MP: 1/1
   333 | D:1      | Reached skill level 3 in Axes
   333 | D:1      | Reached XP level 2. HP: 26/27 MP: 2/2
   761 | D:2      | Reached XP level 3. HP: 31/33 MP: 3/3
  1136 | D:2      | Reached XP level 4. HP: 30/40 MP: 4/4
  1153 | D:2      | Reached skill level 4 in Axes
  1233 | D:3      | Noticed Jessica
  1236 | D:3      | Killed Jessica
  1577 | D:3      | Found a glowing golden altar of the Shining One.
  1583 | D:3      | Reached XP level 5. HP: 47/47 MP: 5/5
  1789 | D:4      | Noticed Blork the orc
  1799 | D:4      | Killed Blork the orc
  1799 | D:4      | Reached skill level 5 in Fighting
  1990 | D:4      | Reached skill level 5 in Armour
  1994 | D:4      | Reached XP level 6. HP: 35/56 MP: 6/6
  2000 | D:4      | Reached skill level 5 in Axes
  2157 | D:4      | Found a shadowy altar of Dithmenos.
  2177 | D:5      | Entered Level 5 of the Dungeon
  2342 | D:5      | Found a basalt altar of Yredelemnul.
  2429 | D:5      | Found Pinof's Gadget Shop.
  2456 | D:5      | Found a sacrificial altar of Ru.
  2568 | D:5      | Got a smoking cloak
  2574 | D:5      | Identified the +0 cloak "Gaim" {rElec Int+2} (You found it on level 5 of the Dungeon)
  2829 | D:6      | Found a shimmering altar of Xom.
  2837 | D:6      | Reached XP level 7. HP: 55/62 MP: 7/7
  2877 | D:6      | Reached skill level 6 in Axes
  2966 | D:6      | Became a worshipper of Beogh the Brigand
  3396 | D:7      | Reached skill level 7 in Axes
  3396 | D:7      | Reached XP level 8. HP: 46/71 MP: 8/8
  3414 | D:7      | Gained mutation: Your movements are slightly less encumbered by armour. (ER -2) [potion of mutation]
  3414 | D:7      | Gained mutation: You are partially covered in slimy green scales. (AC +2) [potion of mutation]
  3414 | D:7      | Gained mutation: You are partially covered in icy blue scales. (AC +2) [potion of mutation]
  3698 | D:7      | Noticed Pikel
  3744 | D:7      | Killed Pikel
  3744 | D:7      | Reached skill level 8 in Axes
  3826 | D:7      | Found Meupn's Distillery.
  3835 | D:7      | Bought 2 potions of might for 112 gold pieces
  3835 | D:7      | Bought a potion of berserk rage for 70 gold pieces
  3873 | D:7      | Reached XP level 9. HP: 64/81 MP: 9/9
  3984 | D:8      | Reached skill level 9 in Axes
  4003 | D:8      | Found a staircase to the Lair.
  4004 | D:8      | Noticed a komodo dragon
  4047 | D:8      | Killed a komodo dragon
  4225 | Lair:1   | Entered Level 1 of the Lair of Beasts
  4340 | Lair:1   | Reached * piety under Beogh
  4432 | Lair:1   | Reached skill level 10 in Axes
  4437 | Lair:1   | Reached skill level 10 in Fighting
  4441 | Lair:1   | Reached XP level 10. HP: 38/92 MP: 10/10
  4494 | Lair:1   | HP: 3/93 [komodo dragon (15)]
  4596 | Lair:1   | Reached skill level 11 in Axes
  4910 | Lair:2   | Noticed Sonja
  5041 | Lair:2   | Cast into level 2 of the Abyss (Sonja)
  5127 | Abyss:2  | Noticed a wretched star
  5141 | Abyss:2  | Killed from afar by a wretched star

Vault maps used:
D:1:      tarquinn_simple_flora_water_d
D:2:      first_bread
D:3:      lemuel_tele_altar, uniq_jessica
D:4:      temple_doors_cd, minmay_misc_feat_nine_boxes, grunt_dithmenos_smoke,
          uniq_crazy_yiuf_cottage, uniq_blork_the_orc
D:5:      yredelemnul_altar_generic, basic_altar, serial_shops, shop,
          lemuel_flame_loot_1
D:6:      lemuel_round_altar
D:7:      nicolae_overflow_hidden_temple, lemuel_doored_altar, serial_shops,
          shop, uniq_pikel
D:8:      david_lair_shrubbed, grunt_livestock
Lair:1:   beast_lair_carwin_2, grunt_megastairs_2, infiniplex_staircase_pool_2
Lair:2:   serial_forest, infiniplex_forest_lined_3, infiniplex_forest_end_3,
          infiniplex_forest_straight_4, infiniplex_forest_end_2,
          infiniplex_forest_lined_3, infiniplex_forest_lined_4_way,
          infiniplex_forest_clump_diagonal, serial_bayou_shore_b, uniq_sonja

Skill      XL: |  1  2  3  4  5  6  7  8  9 10 |
---------------+-------------------------------+-----
Axes           | 3 4 5 7 8 10 11 | 11.0
Fighting       | 4 5 6 8 10 | 10.5
Armour         | 4 5 6 7 9 |  9.7
Shields        | |  3.4

Action                   |  1- 3 |  4- 6 |  7- 9 | 10-12 || total
-------------------------+-------+-------+-------+-------++-------
Melee: War axe           |    98 |   168 |   272 |    53 ||   591
Invok: Convert to Beogh  |       |       |     1 |       ||     1
  Use: Scroll            |     7 |     9 |       |     2 ||    18
       Potion            |       |     1 |    10 |     3 ||    14
  Eat: Chunk             |       |     3 |     1 |     1 ||     5
       Bread ration      |       |     1 |     1 |       ||     2
       Royal jelly       |       |       |       |     1 ||     1
Armor: Scale mail        |    45 |    71 |   138 |    23 ||   277
Dodge: Dodged            |    30 |    29 |    51 |     7 ||   117
Block: Shield            |    54 |    16 |       |       ||    70
       Large shield      |       |   109 |   208 |    43 ||   360
